 Dungeon Crawl Stone Soup version 0.21.1-1-g345015f (webtiles) character file.

20482 n0claF the Protected (level 12, -2/116 HPs)
             Began as a Deep Dwarf Fighter on June 15, 2018.
             Was a High Priest of Makhleb.
             Slain by a two-headed ogre
             ... wielding a cursed +0 giant spiked club
              (9 damage)
             ... on level 12 of the Dungeon.
             The game lasted 01:05:45 (9100 turns).

n0claF the Protected (Deep Dwarf Fighter)           Turns: 9100, Time: 01:05:45

Health: -2/116     AC: 16    Str: 23    XL:     12   Next: 45%
Magic:  5/5        EV: 11    Int: 12    God:    Makhleb [*****.]
Gold:   790        SH:  0    Dex: 13    Spells: 11/11 levels left

rFire    + + +     SeeInvis .   b - +8 broad axe of Domination {freeze, rElec Int+2}
rCold    + . .     Gourm    .   (no shield)
rNeg     . . .     Faith    .   L - +3 ring mail {rF+}
rPois    +         Spirit   .   E - +1 helmet
rElec    +         Reflect  .   J - scarf {rC+ rF+}
rCorr    .         Harm     .   (no gloves)
MR       +....                  a - +0 pair of boots
Stlth    +.........             k - amulet of rage
HPRegen  0.00/turn              i - ring of poison resistance
MPRegen  0.09/turn              w - ring of protection from fire

@: non-regenerating
A: damage resistance, heal wounds, thin metallic scales 1, sense surroundings 2,
sturdy frame 1, no regeneration
a: Heal Wounds, Minor Destruction, Lesser Servant of Makhleb, Major Destruction,
Greater Servant of Makhleb, Renounce Religion, Evoke Berserk Rage


You were on level 12 of the Dungeon.
You worshipped Makhleb.
Makhleb was extremely pleased with you.
You were not hungry.

You visited 1 branch of the dungeon, and saw 13 of its levels.

You collected 790 gold pieces.

Inventory:

Hand Weapons
 b - the +8 broad axe of Domination (weapon) {freeze, rElec Int+2}
   (You acquired it on level 8 of the Dungeon)

   It has been specially enchanted to freeze those struck by it, causing extra
   injury to most foes and up to half again as much damage against particularly
   susceptible opponents.
   It can also slow down cold-blooded creatures.
   It affects your intelligence (+2).
   It insulates you from electricity.
 t - a +0 whip of flaming
   (You took it off Pikel on level 8 of the Dungeon)
 K - a +0 dire flail of holy wrath
   (You took it off a two-headed ogre on level 9 of the Dungeon)
Missiles
 u - 6 needles of paralysis (quivered) {!f}
Armour
 a - a +0 pair of boots (worn)
   (You found it on level 12 of the Dungeon)
 E - a +1 helmet (worn)
   (You found it on level 4 of the Dungeon)
 H - a +0 shield
   (You found it on level 3 of the Dungeon)
 J - a scarf of resistance (worn)
   (You acquired it on level 10 of the Dungeon)
 L - a +3 ring mail of fire resistance (worn)
   (You found it on level 8 of the Dungeon)
Magical Staves
 N - an uncursed staff of energy {!a}
   (You found it on level 8 of the Dungeon)
Jewellery
 i - a ring of poison resistance (left hand)
   (You found it on level 1 of the Dungeon)
 k - an amulet of rage (around neck)
   (You found it on level 9 of the Dungeon)
 q - an uncursed ring of resist corrosion
   (You found it on level 3 of the Dungeon)
 w - a ring of protection from fire (right hand)
   (You found it on level 5 of the Dungeon)
 D - an uncursed ring of flight
   (You found it on level 7 of the Dungeon)
Wands
 c - a wand of disintegration (3) {!d}
   (You took it off an orc warrior on level 8 of the Dungeon)
 d - a wand of iceblast (13)
   (You took it off an orc priest on level 6 of the Dungeon)
 n - a wand of polymorph (24)
   (You took it off Natasha on level 2 of the Dungeon)
 v - a wand of digging (17)
   (You found it on level 11 of the Dungeon)
 x - a wand of acid (7)
   (You found it on level 9 of the Dungeon)
Scrolls
 l - 5 scrolls of remove curse {@r2}
 m - 6 scrolls of immolation {!r}
 p - 11 scrolls of identify {@r1}
 y - 6 scrolls of fear
 C - a scroll of random uselessness {unknown}
 F - a scroll of magic mapping {unknown}
 G - a scroll of teleportation {@r4}
 I - 2 scrolls of summoning {unknown}
 O - a scroll of blinking {unknown}
 Q - a scroll of noise {unknown}
Potions
 f - 2 potions of haste {unknown}
 g - 4 potions of mutation {!q}
 h - 2 potions of lignification {!q}
 j - 3 potions of flight
 o - a potion of magic {unknown}
 r - 2 potions of brilliance
 s - a potion of cancellation {unknown}
 z - 5 potions of curing {@q1}
 A - a potion of degeneration {unknown}
 B - a potion of berserk rage {unknown}
 P - a potion of agility {unknown}
Books
 M - a book of Minor Magic
   (You found it on level 8 of the Dungeon)
 S - a book of the Sky
   (You found it on level 12 of the Dungeon)
Comestibles
 e - 29 rations {!d}
 R - 6 chunks of flesh


   Skills:
 + Level 9.8 Fighting
 + Level 11.2 Axes
 + Level 11.4 Armour
 + Level 11.4 Shields
 + Level 7.0 Invocations


You had 11 spell levels left.
You didn't know any spells.

Dungeon Overview and Level Annotations

Branches:
Dungeon (13/15)            Temple (0/1) D:7            Lair (0/6) D:8
    Orc (0/2) D:11
 Vaults: D:13-14

Altars:
Elyvilon
Gozag
Makhleb
Ru
Trog
Vehumet
Xom
Yredelemnul
Beogh

Shops:
D:4 (   D:11 (


Innate Abilities, Weirdness & Mutations

You are resistant to damage.
You can heal yourself by infusing magical energy.
You passively map the area around you.
You do not regenerate.
You are partially covered in thin metallic scales. (AC +2)
Your movements are slightly less encumbered by armour. (ER -2)


Message History

You climb upwards.
There is a stone staircase leading down here.
Unknown command.
Unknown command.
You feel much better. The two-headed ogre barely misses you.
The two-headed ogre hits you but does no damage.
The yak barely misses you. The yak gores you but does no damage.
The yak closely misses you.
The brown ugly thing tentacle-slaps you but does no damage.
You slash the two-headed ogre! You freeze the two-headed ogre.
You slash the yak! You freeze the yak. You hit the yak. You freeze the yak.
You slash the yak! You freeze the yak. You barely miss the brown ugly thing.
The yak gores you but does no damage. The yak gores you.
* * * LOW HITPOINT WARNING * * *
The yak gores you.
The two-headed ogre hits you with a giant spiked club!
* * * LOW HITPOINT WARNING * * *
The two-headed ogre hits you but does no damage.
The brown ugly thing tentacle-slaps you but does no damage.
You slice the two-headed ogre!! You freeze the two-headed ogre.
You hit the brown ugly thing. You freeze the brown ugly thing.
You closely miss the yak. You barely miss the yak. You hit the yak.
You freeze the yak.
The yak gores you but does no damage. x2
The yak misses you.
The brown ugly thing tentacle-slaps you but does no damage.
You barely miss the two-headed ogre. You closely miss the brown ugly thing.
You hit the yak. You freeze the yak. You hit the yak. You freeze the yak.
You hit the yak but do no damage.
The two-headed ogre closely misses you. x2
The yak gores you. x2
* * * LOW HITPOINT WARNING * * *
The yak misses you.
The brown ugly thing completely misses you.
You slash the two-headed ogre! You freeze the two-headed ogre.
You slash the brown ugly thing! You freeze the brown ugly thing.
You slash the yak! You freeze the yak!
You kill the yak!
Makhleb accepts your kill.
You feel better.
You slice the yak!! You freeze the yak! You hit the yak. You freeze the yak.
The two-headed ogre hits you with a giant spiked club!!
* * * LOW HITPOINT WARNING * * *
The two-headed ogre closely misses you. The yak closely misses you.
The yak gores you!
* * * LOW HITPOINT WARNING * * *
The brown ugly thing closely misses you.
You fail to use your ability.
The yak gores you but does no damage. The yak misses you.
The brown ugly thing tentacle-slaps you but does no damage.
The two-headed ogre hits you with a giant spiked club!
You die...

##### ########## #########
#...#######.YOu....# #........
#......[([.gY@.....# #........
#.......#)#######..# #........
####.......#.......#..# #.#####..
...........#.......#..# #.# #..
####.......#....####..###.# #..
...'....####....#.........# #..
...#....#.......#.........# #..
...'....#.......#.........#####..
...#....#.......#.......[........


You could see a brown ugly thing, a two-headed ogre, 2 yaks and a gnoll.

Vanquished Creatures
  Erolcha (D:9)
  6 two-headed ogres
  The ghost of Ethylacetat the Quickloader, a novice CeHu of Okawaru (D:7)
  Pikel (D:8)
  3 ugly things (D:11)
  2 manticores (D:12)
  A cyclops (D:9)
  Joseph (D:9)
  3 gargoyles
  A queen bee (D:10)
  Prince Ribbit (D:9)
  Grinder (D:3)
  3 slime creatures (D:12)
  17 yaks
  A steam dragon (D:8)
  5 hungry ghosts
  3 vampire mosquitoes (D:12)
  A sky beast (D:7)
  A hornet zombie (D:9)
  A slave (D:8)
  3 orc warriors
  4 phantoms
  8 ogres
  2 ice beasts
  3 centaurs
  3 big kobolds (D:10)
  5 bullfrogs
  A gnoll sergeant (D:8)
  A wyvern skeleton (D:11)
  3 scorpions
  A water moccasin skeleton (D:7)
  35 killer bees
  A howler monkey (D:9)
  4 crimson imps
  2 centaur zombies
  A quasit (D:8)
  2 hounds
  6 orc priests
  A jelly (D:10)
  Jessica (D:2)
  2 bullfrog skeletons
  Terence (D:3)
  2 iguanas
  8 orc wizards
  Natasha (thrice) (D:2)
  9 worker ants
  A hound skeleton (D:6)
  12 gnolls
  10 adders
  A howler monkey skeleton (D:10)
  2 shadow imps
  An ooze (D:1)
  5 worms
  2 dart slugs (D:1)
  8 leopard geckos
  40 orcs
  10 bats
  4 giant cockroaches
  9 goblins
  4 hobgoblins
  17 jackals
  28 kobolds
  4 quokkas
  4 ball pythons
  3 frilled lizards
  8 rats
339 creatures vanquished.

Vanquished Creatures (collateral kills)
  2 hydras (D:11)
  A harpy (shapeshifter) (D:11)
  A centaur zombie (D:11)
  A hound (D:11)
  An iguana (D:11)
  2 orcs (D:11)
8 creatures vanquished.

Vanquished Creatures (others)
  A wizard (D:12)
  An ogre (D:8)
  A slave (D:8)
  A leopard gecko (D:8)
  A butterfly (D:8)
5 creatures vanquished.

Grand Total: 352 creatures vanquished

Notes
Turn   | Place    | Note
-------+----------+-------------------------------------------
     0 | D:1      | n0claF the Deep Dwarf Fighter began the quest for the Orb.
     0 | D:1      | Reached XP level 1. HP: 20/20 MP: 1/1
    32 | D:1      | Reached XP level 2. HP: 27/27 MP: 2/2
   327 | D:1      | Reached XP level 3. HP: 30/34 MP: 3/3
   713 | D:2      | Found a white marble altar of Elyvilon.
   802 | D:2      | Found an opulent altar of Gozag.
   893 | D:2      | Reached XP level 4. HP: 27/42 MP: 3/3
   992 | D:2      | Noticed Jessica
  1006 | D:2      | Killed Jessica
  1081 | D:2      | Found a white marble altar of Elyvilon.
  1114 | D:2      | Noticed Natasha
  1128 | D:2      | Killed Natasha
  1128 | D:2      | Reached XP level 5. HP: 46/49 MP: 4/4
  1136 | D:2      | Noticed Natasha
  1156 | D:2      | Killed Natasha
  1247 | D:2      | Noticed Natasha
  1271 | D:2      | Killed Natasha
  1803 | D:3      | Noticed Grinder
  1814 | D:3      | Paralysed by Grinder for 2 turns
  1822 | D:3      | Killed Grinder
  1822 | D:3      | Reached skill level 5 in Armour
  1822 | D:3      | Reached skill level 5 in Shields
  1822 | D:3      | Reached XP level 6. HP: 31/57 MP: 4/4
  2053 | D:3      | Noticed Terence
  2061 | D:3      | Killed Terence
  2371 | D:3      | Found a sacrificial altar of Ru.
  2424 | D:4      | Reached XP level 7. HP: 45/66 MP: 5/5
  2540 | D:4      | Found Meinn's Weapon Shop.
  3031 | D:4      | Found a burning altar of Makhleb.
  3044 | D:4      | Became a worshipper of Makhleb the Destroyer
  3049 | D:4      | Found a bloodstained altar of Trog.
  3053 | D:4      | Found a basalt altar of Yredelemnul.
  3131 | D:5      | Entered Level 5 of the Dungeon
  3419 | D:5      | Reached skill level 5 in Axes
  3436 | D:5      | Found a radiant altar of Vehumet.
  3857 | D:6      | Reached skill level 5 in Fighting
  3884 | D:6      | Reached XP level 8. HP: 66/74 MP: 5/5
  4099 | D:6      | Reached * piety under Makhleb
  4112 | D:6      | Found a burning altar of Makhleb.
  4359 | D:7      | Noticed Ethylacetat's ghost (novice CeHu)
  4421 | D:7      | Killed Ethylacetat's ghost
  4421 | D:7      | Gained mutation: You passively map the area around you. [Deep Dwarf growth]
  4421 | D:7      | Reached XP level 9. HP: 29/82 MP: 3/3
  4445 | D:7      | Gained mutation: You are partially covered in thin metallic scales. (AC +2) [potion of mutation]
  4445 | D:7      | Gained mutation: Your movements are slightly less encumbered by armour. (ER -2) [potion of mutation]
  4699 | D:7      | Found a staircase to the Ecumenical Temple.
  5243 | D:8      | Found a staircase to the Lair.
  5405 | D:8      | Found a transporter.
  5409 | D:8      | Found a roughly hewn altar of Beogh.
  5411 | D:8      | Noticed a two-headed ogre
  5424 | D:8      | Reached ** piety under Makhleb
  5429 | D:8      | Killed a two-headed ogre
  5431 | D:8      | Reached XP level 10. HP: 83/94 MP: 4/4
  5487 | D:8      | Found a transporter.
  5517 | D:8      | Identified a scroll of acquirement
  5518 | D:8      | Got an encrusted broad axe
  5519 | D:8      | Identified the +8 broad axe of Domination {freeze, rElec Int+2} (You acquired it on level 8 of the Dungeon)
  5567 | D:8      | Noticed a two-headed ogre
  5574 | D:8      | Noticed Pikel
  5577 | D:8      | Killed a two-headed ogre
  5581 | D:8      | Killed Pikel
  5614 | D:8      | Found a shimmering altar of Xom.
  6030 | D:9      | Noticed Prince Ribbit
  6046 | D:9      | Killed Prince Ribbit
  6124 | D:9      | Noticed Joseph
  6137 | D:9      | Killed Joseph
  6185 | D:9      | Noticed a cyclops
  6191 | D:9      | Killed a cyclops
  6213 | D:9      | Noticed a gargoyle
  6225 | D:9      | Noticed Erolcha
  6227 | D:9      | Killed a gargoyle
  6249 | D:9      | Killed Erolcha
  6264 | D:9      | Noticed a two-headed ogre
  6273 | D:9      | Killed a two-headed ogre
  6273 | D:9      | Reached skill level 10 in Shields
  6273 | D:9      | Reached XP level 11. HP: 49/104 MP: 3/3
  6337 | D:9      | Got a transparent leather armour
  6348 | D:9      | Identified the cursed +1 leather armour of the Spheres {rC++ rN+ Dex-4} (You found it on level 9 of the Dungeon)
  6361 | D:9      | Reached skill level 10 in Armour
  6412 | D:9      | Reached skill level 1 in Invocations
  6767 | D:9      | Noticed a two-headed ogre
  6774 | D:9      | Killed a two-headed ogre
  6793 | D:10     | Entered Level 10 of the Dungeon
  6800 | D:10     | Reached *** piety under Makhleb
  6807 | D:10     | Reached skill level 10 in Axes
  6896 | D:10     | Found a shimmering altar of Xom.
  6962 | D:10     | Reached **** piety under Makhleb
  7452 | D:11     | Noticed a six-headed hydra
  7472 | D:11     | Killed a six-headed hydra
  7505 | D:11     | Reached skill level 5 in Invocations
  7519 | D:11     | Noticed a green ugly thing
  7536 | D:11     | Killed a green ugly thing
  7667 | D:11     | Found a staircase to the Orcish Mines.
  7667 | D:11     | Found Aggoh's Weapon Boutique.
  7728 | D:11     | Reached XP level 12. HP: 55/114 MP: 4/4
  7979 | D:11     | Noticed an eight-headed hydra
  7989 | D:11     | Killed an eight-headed hydra
  8205 | D:12     | Found a bloodstained altar of Trog.
  8294 | D:12     | Noticed a two-headed ogre
  8299 | D:12     | Killed a two-headed ogre
  8524 | D:12     | Reached ***** piety under Makhleb
  8603 | D:12     | Noticed a two-headed ogre
  8609 | D:12     | Killed a two-headed ogre
  8981 | D:13     | Noticed a two-headed ogre
  9100 | D:12     | Slain by a two-headed ogre

Skill      XL: |  1  2  3  4  5  6  7  8  9 10 11 12 |
---------------+-------------------------------------+-----
Fighting       | 3 4 5 6 7 8 9 |  9.8
Axes           | 3 4 5 6 8 9 10 11 | 11.2
Armour         | 4 5 6 7 8 9 10 11 | 11.4
Shields        | 4 5 6 7 8 10 11 | 11.4
Invocations    | 5 7 |  7.0

Action                   |  1- 3 |  4- 6 |  7- 9 | 10-12 || total
-------------------------+-------+-------+-------+-------++-------
Melee: War axe           |   115 |   177 |   361 |    10 ||   663
       Broad axe         |       |       |       |   395 ||   395
       Dire flail        |       |       |       |     5 ||     5
Invok: Lesser Servant of |       |       |       |     5 ||     5
 Abil: Heal Wounds       |     1 |     5 |    13 |    19 ||    38
Evoke: Wand              |       |       |       |     3 ||     3
  Use: Scroll            |       |       |    13 |     8 ||    21
       Potion            |       |       |     3 |     3 ||     6
 Stab: Distracted        |       |       |       |     1 ||     1
  Eat: Chunk             |       |     6 |    15 |    12 ||    33
       Ration            |       |       |       |     2 ||     2
Armor: Scale mail        |    68 |    69 |   108 |       ||   245
       Skin              |       |       |    28 |       ||    28
       Ring mail         |       |       |       |   278 ||   278
Dodge: Dodged            |    47 |    50 |   103 |   339 ||   539
Block: Shield            |    63 |    87 |   206 |     4 ||   360
